 Dungeon Crawl Stone Soup version 0.29.1-1-gd02db6906a (webtiles) character file.

Game seed: 1219390900917047142

136 drewk1942 the Agent of Entropy (level 4, -3/35 HPs)
             Began as a Demonspawn Abyssal Knight on Oct 11, 2022.
             Was a Priest of Lugonu.
             Slain by an orc
             ... wielding a +0 flail of holy wrath
              (4 damage)
             ... while paralysed by Grinder
             ... on level 3 of the Dungeon.
             The game lasted 00:06:01 (1382 turns).

drewk1942 the Agent of Entropy (DsAK)               Turns: 1382, Time: 00:06:02

Health: -3/35      AC:  6    Str: 16    XL:     4   Next: 98%
Magic:  7/7        EV:  2    Int: 11    God:    Lugonu [***...]
Gold:   73         SH:  0    Dex: 13    Spells: 3/3 levels left

rFire   . . .      SeeInvis .   g - +0 trident
rCold   . . .      Faith    .   (no shield)
rNeg    . . .      Spirit   .   h - +0 ring mail
rPois   .          Reflect  .   (no helmet)
rElec   .          Harm     .   (no cloak)
rCorr   .          Rampage  .   j - +0 pair of gloves
Will    .....                   (no boots)
Stlth   +.........              (no amulet)
HPRegen 0.11/turn               (no ring)
MPRegen 0.10/turn               (no ring)

@: paralysed
A: powered by death 1, spiny 1
a: Renounce Religion, Depart the Abyss, Bend Space, Banish


You were on level 3 of the Dungeon.
You worshipped Lugonu.
Lugonu was most pleased with you.
You visited 1 branch of the dungeon, and saw 3 of its levels.
You visited the Abyss 1 time.

You collected 73 gold pieces.

Inventory:

Hand Weapons
 a - a +1 spear
 g - a +0 trident (weapon)
Missiles
 l - 12 poisoned darts (quivered)
 n - 2 throwing nets
Armour
 b - a +0 leather armour
 h - a +0 ring mail (worn)
 i - a +0 scale mail
 j - a +0 pair of gloves (worn)
Potions
 c - a potion of might {unknown}
 d - a potion of magic {unknown}
 e - a potion of curing {unknown}
 f - a potion of flight
 m - a potion of lignification


   Skills:
 - Level 3.0 Fighting
 * Level 4.0 Polearms
 - Level 1.7 Armour
 - Level 0.8 Dodging
 + Level 4.3 Invocations


You had 3 spell levels left.
You didn't know any spells.
Your spell library was empty.

Dungeon Overview and Level Annotations

Branches:
Dungeon (3/15)

Altars:

Annotations:
D:3 Grinder, Robin


Innate Abilities, Weirdness & Mutations

You regenerate a little health from kills.
You are partially covered in sharp spines.


Message History

Grinder is struck by your spines. Grinder hits you but does no damage.
The giant cockroach is struck by your spines.
You kill the giant cockroach!
Lugonu accepts your kill.
You can move again.
You closely miss Grinder.
Grinder is lightly wounded.
Robin throws the goblin at you! The goblin is struck by your spines.
You kill the goblin!
Lugonu accepts your kill. The orc is struck by your spines.
The orc completely misses you. Grinder barely misses you.
A goblin comes into view. It is wielding a +0 club. x2
The orc barely misses you. The orc is struck by your spines.
You kill the orc!
Lugonu accepts your kill. Grinder gestures at you.
Pain shoots through your body!
The goblin moves out of view.
The orc attacks as you move away! The orc is struck by your spines.
The orc closely misses you.
Grinder says, "I used to sell toenails on the black market."
Grinder blinks!
You see here a +0 dagger.
The hobgoblin attacks as you move away! The hobgoblin barely misses you.
A goblin comes into view. It is wielding a +0 dagger.
The orc hits you with a +0 flail of holy wrath.
You convulse.
Grinder gestures at you.
You suddenly lose the ability to move!
Robin says, "Feeling lonely?"
The orc is struck by your spines.
The orc hits you with a +0 flail of holy wrath.
* * * LOW HITPOINT WARNING * * *
You convulse.
* * * LOW HITPOINT WARNING * * *
Grinder blinks!
The hobgoblin is struck by your spines. The hobgoblin hits you.
* * * LOW HITPOINT WARNING * * *
Robin says, "My goblins will feast on your bones."
The orc hits you with a +0 flail of holy wrath.
You die...

....#### ...#.. ...#.#
...ยง ...# #..# ..
####.# g..g
#...@######..... #..
#...gog.$gg..... #..
####.5.ggg..g...... .
#..
#..............#### .#
#P#..##.##############
..P..#..#..#
##P###..#.##
.....#..#.#
..........#


You could see Grinder, Robin, an orc, 3 hobgoblins and 4 goblins.

Vanquished Creatures
  Terence (D:3)
  An orc wizard (D:3)
  3 gnolls (D:3)
  5 orcs (D:3)
  5 ball pythons
  An endoplasm (D:1)
  4 giant cockroaches
  7 goblins
  4 hobgoblins
  3 quokkas (D:1)
  5 bats
  2 frilled lizards
  4 kobolds
  5 rats
50 creatures vanquished.

Vanquished Creatures (collateral kills)
  A kobold (D:3)
1 creature vanquished.

Grand Total: 51 creatures vanquished

Notes
Turn   | Place    | Note
-------+----------+-------------------------------------------
     0 | Abyss:1  | drewk1942 the Demonspawn Abyssal Knight began the quest for
                  | the Orb.
     0 | Abyss:1  | Reached XP level 1. HP: 18/18 MP: 2/2
     1 | D:1      | Escaped the Abyss
   237 | D:1      | Gained mutation: You are partially covered in sharp spines.
                  | [demonic ancestry]
   237 | D:1      | Reached XP level 2. HP: 17/24 MP: 4/4
   704 | D:1      | Reached *** piety under Lugonu
   901 | D:2      | Reached XP level 3. HP: 29/29 MP: 5/5
   960 | D:2      | You fall into a shaft and drop 1 floor!
  1053 | D:3      | Noticed Terence
  1055 | D:3      | Gained mutation: You regenerate a little health from kills.
                  | [demonic ancestry]
  1055 | D:3      | Reached XP level 4. HP: 34/35 MP: 6/6
  1102 | D:3      | Killed Terence
  1366 | D:3      | Noticed Grinder
  1369 | D:3      | Noticed Robin
  1374 | D:3      | Paralysed by Grinder for 4 turns
  1380 | D:3      | Paralysed by Grinder for 3 turns
  1381 | D:3      | HP: 1/35 [hobgoblin[Robin] (2)]
  1382 | D:3      | Slain by an orc

Illustrated notes

Levels and vault maps discovered:
D:1:      erik_arrival_cave_to_civilisation [erik_arrival_cave_to_hall],
          layout_basic, grunt_decor_clamped, serial_bayou_pond_b,
          minmay_pentomino_p2
D:2:      layout_rooms, serial_corexii_hall, corexii_hall_statues_x,
          corexii_hall_statues_i
D:3:      layout_basic, shapermc_ecumenical_altar_mp_urbaneastern,
          minmay_crystal_water, uniq_terence, uniq_robin, uniq_grinder

Skill      XL: |  1  2  3  4 |
---------------+-------------+-----
Polearms       | 2 3 4 |  4.0
Invocations    | 3 4 |  4.3
Fighting       | |  3.0
Armour         | |  1.7
Dodging        | |  0.8

Action                   |  1- 3 |  4- 6 || total
-------------------------+-------+-------++-------
Melee: Spear             |    79 |    14 ||    93
       Punch             |     2 |       ||     2
       Trident           |       |     6 ||     6
Throw: Dart              |     8 |       ||     8
  Use: Scroll            |       |     5 ||     5
       Potion            |       |     2 ||     2
Armor: Leather armour    |     3 |       ||     3
       Ring mail         |    10 |     9 ||    19
       Skin              |     1 |     8 ||     9
Dodge: Dodged            |    24 |    17 ||    41
